 Dungeon Crawl Stone Soup version 0.29-a0-338-g1ff7896281 (webtiles) character file.

Game seed: 3851339475393404205

324 bande the Covered (level 6, 0/39 HPs)
             Began as a Gargoyle Fighter on Apr 19, 2022.
             Slain by an orc warrior
             ... wielding a +0 battleaxe
              (14 damage)
             ... on level 4 of the Dungeon.
             The game lasted 00:06:45 (3528 turns).

bande the Covered (Gargoyle Fighter)                Turns: 3528, Time: 00:06:46

Health: 0/39       AC: 13    Str: 19    XL:     6   Next: 48%
Magic:  6/6        EV:  9    Int:  9    God:
Gold:   194        SH:  5    Dex: 11    Spells: 5/5 levels left

rFire   . . .      SeeInvis .   a - +0 war axe (drain)
rCold   . . .      Faith    .   c - +1 buckler
rNeg    + . .      Spirit   .   b - +0 scale mail
rPois   ∞          Reflect  .   g - +2 hat
rElec   +          Harm     .   (no cloak)
rCorr   .          Rampage  .   (no gloves)
Will    .....                   (no boots)
Stlth   ..........              (no amulet)
HPRegen 0.13/turn               (no ring)
MPRegen 0.10/turn               (no ring)

@: no status effects
A: sickness immunity, AC +4, negative energy resistance 1, electricity
resistance, torment resistance 1, petrification resistance
a: no special abilities


You were on level 4 of the Dungeon.
You visited 1 branch of the dungeon, and saw 5 of its levels.

You collected 194 gold pieces.

Inventory:

Hand Weapons
 a - a +0 war axe of draining (weapon)
 e - a +2 flail of protection
 k - a +0 war axe
Armour
 b - a +0 scale mail (worn)
 c - a +1 buckler (worn)
 g - a +2 hat (worn)
Scrolls
 h - 2 scrolls of fog
 p - 3 scrolls of teleportation
Potions
 d - a potion of might
 f - a potion of flight
 i - a potion of magic
 l - a potion of curing {unknown}
 n - a potion of heal wounds {unknown}
 o - a potion of mutation {unknown}


   Skills:
 + Level 4.5 Fighting
 + Level 4.2 Axes
 + Level 4.6 Armour
 + Level 4.0 Shields


You had 5 spell levels left.
You didn't know any spells.
Your spell library contained the following spells:

 Spells                   Type           Power      Damage    Failure   Level
 Ozocubu's Armour         Ice            0%         N/A       99%         3
 Ozocubu's Refrigeration  Ice            0%         4d5       100%        7


Dungeon Overview and Level Annotations

Branches:
Dungeon (5/15)
 Temple: D:4-7

Altars:
Vehumet


Innate Abilities, Weirdness & Mutations

You are immune to sickness and miasma.
Your stone body is resilient. (AC +4)
You are immune to poison.
You resist negative energy. (rN+)
You are resistant to electric shocks. (rElec)
You are resistant to unholy torment.
You are immune to petrification.


Message History

You see here a +0 war axe.
There is an open door here.
You see here a +0 scale mail.
There is an open door here.
You see here a +0 dagger.
Things that are here:
a +0 war axe; a +0 leather armour; an orc skeleton
There is a stone staircase leading down here.
You climb downwards.
The orc warrior shouts!
The orc priest shouts!
The orc shouts! x2
Found 32 gold pieces and a club.
There is a stone staircase leading up here.
There are monsters nearby!
The orc warrior hits you with a +0 battleaxe.
You climb upwards.
There is a stone staircase leading down here.
You hit the orc warrior. You drain the orc warrior.
The orc warrior is moderately wounded.
The orc warrior hits you with a +0 battleaxe.
You barely miss the orc warrior.
The orc warrior is moderately wounded.
The orc warrior hits you with a +0 battleaxe!
You barely miss the orc warrior.
The orc warrior is moderately wounded.
The orc warrior barely misses you.
The orc warrior hits you but does no damage.
You hit the orc warrior but do no damage.
The orc warrior is moderately wounded.
The orc warrior closely misses you.
You hit the orc warrior. You drain the orc warrior.
The orc warrior is heavily wounded.
The orc warrior hits you with a +0 battleaxe!
You closely miss the orc warrior.
The orc warrior is heavily wounded.
The orc warrior hits you with a +0 battleaxe.
You block the orc warrior's attack.
You hit the orc warrior but do no damage.
The orc warrior is heavily wounded.
The orc warrior hits you with a +0 battleaxe!
You die...

..#.....# #....................#
..#.#...###..##.#............###
..###...##..###.#..........###
..##.....##.#.............#######
......##.#......#..........##.##.
....####........#................
....# #...............[.........
....# ##............<...........
....# ###......o@..........###<..
###.###.#....................#...
###.#.............#............##
...............####.....#....#..#
###.......##....####..#........##
.........###....#.##..#........#
......................##.##....##
..........#####......###+###.....
........### #.......#.....#####.


You could see an orc warrior (very drained).

Vanquished Creatures
  Pargi (D:3)
  An ogre (D:3)
  An orc wizard (D:3)
  2 adders
  3 worms
  4 dart slugs
  7 orcs
  5 ball pythons
  4 endoplasms
  A giant cockroach (D:1)
  5 goblins
  5 hobgoblins
  8 jackals
  7 kobolds
  2 quokkas (D:2)
  2 bats (D:3)
  5 frilled lizards
  19 rats
82 creatures vanquished.

Notes
Turn   | Place    | Note
-------+----------+-------------------------------------------
     0 | D:1      | bande the Gargoyle Fighter began the quest for the Orb.
     0 | D:1      | Reached XP level 1. HP: 14/14 MP: 1/1
   104 | D:1      | Found a faded altar of an unknown god.
   451 | D:1      | Reached XP level 2. HP: 15/19 MP: 2/2
   984 | D:1      | Reached XP level 3. HP: 24/24 MP: 3/3
  1637 | D:2      | Reached XP level 4. HP: 27/29 MP: 4/4
  1653 | D:2      | You fall into a shaft and drop 1 floor!
  2138 | D:3      | Reached XP level 5. HP: 30/33 MP: 5/5
  2210 | D:3      | Found a radiant altar of Vehumet.
  2407 | D:3      | Noticed an ogre
  2415 | D:3      | Killed an ogre
  2739 | D:3      | Reached XP level 6. HP: 34/39 MP: 6/6
  2777 | D:3      | Noticed Pargi
  2789 | D:3      | Killed Pargi
  3517 | D:5      | Entered Level 5 of the Dungeon
  3517 | D:5      | Noticed an orc warrior
  3528 | D:4      | Slain by an orc warrior

Illustrated notes

Levels and vault maps discovered:
D:1:      lightli_iron_boxes, layout_basic, chequers_ecumenical_altar_lobes,
          chequers_serial_rivers_room_a
D:2:      layout_basic, minmay_rat_hole
D:3:      layout_rooms, vehumet_crystals, serial_bayou_pond_d,
          grunt_decor_one_mirror, uniq_pargi
D:4:      layout_cave_pools, kennysheep_minor_cross
D:5:      layout_rooms, serial_shops, nicolae_inconvenience_store

Skill      XL: |  1  2  3  4  5  6 |
---------------+-------------------+-----
Axes           | 2 3 4 |  4.2
Armour         | 4 |  4.6
Fighting       | 4 |  4.5
Shields        | 4 |  4.0

Action                   |  1- 3 |  4- 6 || total
-------------------------+-------+-------++-------
Melee: War axe           |    90 |   101 ||   191
  Use: Scroll            |     8 |     5 ||    13
Armor: Scale mail        |    54 |    53 ||   107
Dodge: Dodged            |    49 |    56 ||   105
Block: Buckler           |    15 |    27 ||    42

Table legend: (Time is in decaauts)
 A = Elapsed time spent in this place.
 B = Non-inter-level travel time spent in this place.
 C = Inter-level travel time spent in this place.
 D = Time resting spent in this place.
 E = Time spent auto-exploring this place.
 F = Levels seen in this place.
 G = Mean time per level.
                   A        B        C        D        E       F      G
               +--------+--------+--------+--------+--------+-----+--------+
         Total |   3607 |   3577 |     30 |    654 |   2204 |   5 |  721.4 |
       Dungeon |   3607 |   3577 |     30 |    654 |   2204 |   5 |  721.4 |
               +--------+--------+--------+--------+--------+-----+--------+

Top non-repeatable levels by time:
     D:1: 1303 daAuts
     D:3: 944 daAuts
     D:2: 762 daAuts
     D:4: 593 daAuts
     D:5: 3 daAuts
